 Dungeon Crawl Stone Soup version 0.29.1-4-g47bece8355 (webtiles) character file.

Game seed: 2918358894676555003

19121 DandyGuy the Severer (level 12, 0/118 HPs)
             Began as a Minotaur Berserker on Dec 8, 2022.
             Was a High Priest of Trog.
             Incinerated by a deep elf pyromancer (4 damage)
             ... with a sticky flame
             ... on level 12 of the Dungeon.
             The game lasted 00:41:07 (11743 turns).

DandyGuy the Severer (Minotaur Berserker)          Turns: 11743, Time: 00:41:07

Health: 0/118      AC: 22    Str: 27    XL:     12   Next: 33%
Magic:  3/3        EV:  9    Int:  3    God:    Trog [*****.]
Gold:   887        SH:  0    Dex: 13    Spells: 11/11 levels left

rFire   . . .      SeeInvis .   D - +2 battleaxe (antimagic)
rCold   + . .      Faith    .   (shield currently unavailable)
rNeg    . . .      Spirit   .   F - +3 plate armour
rPois   .          Reflect  .   (helmet restricted)
rElec   .          Harm     .   K - +0 cloak
rCorr   .          Rampage  .   n - +0 pair of gloves
Will    .....                   p - +0 pair of boots
Stlth   ..........              y - amulet of regeneration
HPRegen 1.09/turn               (no ring)
MPRegen 0.08/turn               (no ring)

@: on fire, on berserk cooldown, hasted and slowed, glowing
A: horns 2, retaliatory headbutt, agile 1, cold resistance 1, MP-powered wands
a: Renounce Religion, Berserk, Trog's Hand, Brothers in Arms


You were on level 12 of the Dungeon.
You worshipped Trog.
Trog was extremely pleased with you.
You visited 3 branches of the dungeon, and saw 14 of its levels.

You collected 887 gold pieces.

Inventory:

Hand Weapons
 d - the +5 spear of Bile {venom, *Slow Will+ Int+5 SInv}
   (You found it on level 5 of the Dungeon)

   It poisons the flesh of those it strikes.
   Int:       It affects your intelligence (+5).
   SInv:      It lets you see invisible.
   *Slow:     It may slow you when you take damage.
   Will:      It increases your willpower.
 x - a +0 war axe of flaming
 z - a +4 flail of freezing
 D - a +2 antimagic battleaxe (weapon)
Missiles
 h - 57 poisoned darts (quivered)
 r - a throwing net
 A - 9 atropa-tipped darts
 C - 4 boomerangs
 E - 2 curare-tipped darts
Armour
 n - a +0 pair of gloves (worn)
 p - a +0 pair of boots (worn)
 F - a +3 plate armour (worn)
 K - a +0 cloak (worn)
Jewellery
 e - an amulet of guardian spirit
 y - an amulet of regeneration (around neck)
Wands
 a - a wand of quicksilver (14)
 i - a wand of mindburst (12)
 u - a wand of polymorph (9)
 w - a wand of iceblast (13)
 B - a wand of charming (8)
 H - a wand of flame (6)
Scrolls
 f - a scroll of magic mapping
 j - 2 scrolls of vulnerability
 k - 2 scrolls of fear
 m - 3 scrolls of butterflies
 s - 2 scrolls of silence
 I - a scroll of teleportation
 J - 3 scrolls of summoning
 M - 2 scrolls of identify
Potions
 b - 3 potions of lignification
 c - 3 potions of flight
 g - 8 potions of curing
 o - 2 potions of magic
 q - 4 potions of heal wounds
 t - a potion of cancellation
 v - 2 potions of ambrosia
 G - a potion of resistance
 L - a potion of berserk rage
 N - a potion of might {unknown}


   Skills:
 + Level 14.9 Fighting
 + Level 16.3 Axes
 * Level 11.1 Armour
 * Level 3.5 Dodging


You had 11 spell levels left.
You didn't know any spells.
Your spell library was empty.

Dungeon Overview and Level Annotations

Branches:
Dungeon (12/15)            Temple (1/1) D:6            Lair (1/5) D:10
    Orc (0/2) D:11

Altars:
Ashenzari
Cheibriados
Dithmenos
Elyvilon
Fedhas
Gozag
Hepliaklqana
Kikubaaqudgha
Makhleb
Nemelex Xobeh
Okawaru
Qazlal
Ru
Sif Muna
Trog
Uskayaw
Vehumet
Wu Jian
Xom
Yredelemnul
Zin
The Shining One

Shops:
D:12 [

Annotations:
D:10 2 transporters


Innate Abilities, Weirdness & Mutations

You have a pair of horns on your head.
You reflexively headbutt those who attack you in melee.
You are agile. (Dex +4, Str/Int -1)
Your flesh is cold resistant. (rC+)
You expend magic power (3 MP) to strengthen your wands.


Message History

You are covered in liquid flames!
* * * LOW HITPOINT WARNING * * *
The fire elemental barely misses you.
You carve the fire elemental like a ham!!!
You destroy the fire elemental!
The fire elemental disappears in a puff of smoke!
You are covered in liquid flames!
The deep elf pyromancer casts a spell at you.
The bolt of fire hits you!!
* * * LOW HITPOINT WARNING * * *
Really walk into that cloud of flame? [Y]es or [N]o only, please.
Really walk into that cloud of flame? [Y]es or [N]o only, please.
Really walk into that cloud of flame?
Okay, then.
You feel a strong urge to attack something.
You feel your anger nearly subside.
You are no longer berserk.
You are exhausted.
You feel yourself slow down.
The deep elf pyromancer mumbles some strange words.
The deep elf pyromancer blinks!
The deep elf pyromancer casts a spell at you.
The bolt of fire hits you!
* * * LOW HITPOINT WARNING * * *
You completely miss the deep elf pyromancer.
The deep elf pyromancer is lightly wounded.
The deep elf pyromancer casts a spell at you.
The sticky flame hits you but does no damage.
You are covered in liquid flames!
You slice the deep elf pyromancer!!
The deep elf pyromancer's magic leaks into the air.
You headbutt the deep elf pyromancer!
You kill the deep elf pyromancer!
Trog accepts your kill.
Trog appreciates your killing of a magic user.
You are covered in liquid flames!
* * * LOW HITPOINT WARNING * * *
You are covered in liquid flames!
You die...

.....#######.# ######
#.# # #.###### #......#
###########
#≈≈≈≈§≈≈≈#####
#########≈......≈#...##
........#≈[♣##♣.≈#.<..##
#######.+..# #.@'.....#
....##..+..# #..'.....#
#.#....##≈.♣##♣.≈#.....#
........#≈..e...≈#....##
......###≈≈≈≈≈≈≈≈#.....#
+###...###########.....#
.#≈#.......#...........#
.####.................##
∩..'......>..........##


There were no monsters in sight!

Vanquished Creatures
  Fannar (D:11)
  2 boulder beetles
  A hydra (D:11)
  A centaur warrior (D:11)
  2 deep elf pyromancers (D:12)
  3 manticores
  2 cyclopes (D:11)
  A rime drake (Lair:1)
  2 komodo dragons
  A hornet (D:9)
  2 trolls
  5 blink frogs (Lair:1)
  3 wraiths
  A centaur simulacrum (D:11)
  4 wyverns
  12 yaks
  3 shadows
  3 basilisks (D:10)
  A steam dragon (D:8)
  4 acid dragons
  5 water moccasins
  2 ice beasts
  2 orc warriors
  A sky beast (D:8)
  15 centaurs
  6 wolves (Lair:1)
  4 kobold brigands
  9 bullfrogs
  A necrophage (D:6)
  2 gnoll sergeants
  3 scorpions
  4 wights (D:8)
  25 killer bees
  A vampire bat (D:9)
  5 howler monkeys
  5 electric eels (D:10)
  3 hounds
  2 jellies
  7 orc priests
  5 iguanas
  Ijyb (D:3)
  Terence (D:2)
  13 orc wizards
  11 gnolls
  11 adders
  2 shadow imps
  An ufetubus (D:5)
  A worm (D:3)
  A dart slug (D:3)
  55 orcs
  5 ball pythons
  3 bat skeletons (D:9)
  3 bat zombies (D:9)
  4 endoplasms
  3 giant cockroaches
  10 goblins
  6 hobgoblins
  3 jackals (D:3)
  2 quokkas
  4 bats (D:1)
  A frilled lizard (D:2)
  28 kobolds
  7 rats
337 creatures vanquished.

Vanquished Creatures (others)
  A bush (Lair:1)
  3 fungi (Lair:1)
  18 plants (D:10)
22 creatures vanquished.

Grand Total: 359 creatures vanquished

Notes
Turn   | Place    | Note
-------+----------+-------------------------------------------
     0 | D:1      | DandyGuy the Minotaur Berserker began the quest for the
                  | Orb.
     0 | D:1      | Reached XP level 1. HP: 19/19 MP: 0/0
   287 | D:1      | Found a faded altar of an unknown god.
   388 | D:1      | Reached skill level 4 in Axes
   585 | D:1      | Reached XP level 2. HP: 26/26 MP: 1/1
   982 | D:2      | Noticed Terence
   988 | D:2      | Killed Terence
   989 | D:2      | Reached skill level 5 in Axes
   989 | D:2      | Reached XP level 3. HP: 27/31 MP: 2/2
  1354 | D:2      | Found a shadowy altar of Dithmenos.
  1518 | D:2      | Reached XP level 4. HP: 39/39 MP: 3/3
  1946 | D:3      | Reached skill level 6 in Axes
  2195 | D:3      | Reached ** piety under Trog
  2234 | D:3      | Noticed a centaur
  2241 | D:3      | Killed a centaur
  2242 | D:3      | Reached skill level 7 in Axes
  2242 | D:3      | Reached XP level 5. HP: 42/45 MP: 4/4
  2469 | D:3      | Noticed Ijyb
  2480 | D:3      | Killed Ijyb
  2666 | D:3      | Found a burning altar of Makhleb.
  2706 | D:3      | Reached skill level 8 in Axes
  3155 | D:4      | Found a shimmering altar of Xom.
  3172 | D:4      | Found a basalt altar of Yredelemnul.
  3172 | D:4      | Found a hide-covered altar of Uskayaw.
  3203 | D:4      | Reached XP level 6. HP: 50/51 MP: 5/5
  3352 | D:4      | Found a radiant altar of Vehumet.
  3405 | D:4      | Reached skill level 9 in Axes
  4062 | D:4      | Gained mutation: You are frail. (-10% HP) [potion of
                  | mutation]
  4062 | D:4      | Gained mutation: You expend magic power (3 MP) to
                  | strengthen your wands. [potion of mutation]
  4062 | D:4      | Gained mutation: You have hidden genetic potential. [potion
                  | of mutation]
  4063 | D:4      | Lost mutation: You are frail. (-10% HP) [potion of
                  | mutation]
  4063 | D:4      | Lost mutation: You have hidden genetic potential. [potion
                  | of mutation]
  4063 | D:4      | Gained mutation: You are agile. (Dex +4, Str/Int -1)
                  | [potion of mutation]
  4063 | D:4      | Gained mutation: Your flesh is cold resistant. (rC+)
                  | [potion of mutation]
  4099 | D:5      | Entered Level 5 of the Dungeon
  4160 | D:5      | Identified the +5 spear of Bile {venom, *Slow Will+ Int+5
                  | SInv}
  4273 | D:5      | Noticed a water moccasin
  4284 | D:5      | Killed a water moccasin
  4285 | D:5      | Reached skill level 10 in Axes
  4285 | D:5      | Reached XP level 7. HP: 57/57 MP: 4/6
  4566 | D:5      | You fall into a shaft and drop 3 floors!
  4592 | D:8      | Reached skill level 11 in Axes
  4639 | D:8      | Reached XP level 8. HP: 31/64 MP: 5/7
  4924 | D:8      | Found a broken altar of Ashenzari.
  5009 | D:6      | Found a staircase to the Ecumenical Temple.
  5021 | Temple   | Entered the Ecumenical Temple
  5087 | D:7      | Reached skill level 12 in Axes
  5397 | D:5      | Found a white marble altar of Elyvilon.
  5451 | D:5      | Found an ornate altar of the Wu Jian Council.
  5551 | D:5      | Reached skill level 13 in Axes
  5728 | D:6      | Reached *** piety under Trog
  5868 | D:6      | Reached skill level 5 in Fighting
  5993 | D:6      | Reached XP level 9. HP: 75/75 MP: 8/8
  6458 | D:7      | Found a sparkling altar of Nemelex Xobeh.
  6590 | D:7      | Reached skill level 5 in Armour
  6593 | D:7      | Found a shadowy altar of Dithmenos.
  6643 | D:7      | Found a bloodstained altar of Trog.
  6958 | D:8      | Reached skill level 14 in Axes
  6959 | D:8      | Reached **** piety under Trog
  7005 | D:8      | Found a hazy altar of Hepliaklqana.
  7027 | D:8      | Reached XP level 10. HP: 87/91 MP: 9/9
  7539 | D:9      | Found an ancient bone altar of Kikubaaqudgha.
  7735 | D:9      | Reached skill level 10 in Fighting
  7976 | D:9      | Reached ***** piety under Trog
  8121 | D:9      | Paralysed by a hornet for 2 turns
  8595 | D:10     | Entered Level 10 of the Dungeon
  8595 | D:10     | Found a transporter.
  8690 | D:10     | Noticed a wolf spider
  8694 | D:10     | Noticed a skeletal warrior
  8694 | D:10     | Noticed a two-headed ogre
  8695 | D:10     | Noticed a centaur warrior
  8961 | D:10     | Found a snail-covered altar of Cheibriados.
  8988 | D:10     | Noticed a torpor snail
  8988 | D:10     | Noticed a torpor snail
  9024 | D:10     | Reached skill level 15 in Axes
  9094 | D:10     | Noticed a five-headed hydra
  9095 | D:10     | Noticed a two-headed ogre
  9201 | D:10     | Reached XP level 11. HP: 104/104 MP: 10/10
  9654 | D:10     | HP: 2/104 [wyvern (9)]
  9956 | D:10     | Found a transporter.
 10072 | D:10     | Found a staircase to the Lair.
 10128 | Lair:1   | Entered Level 1 of the Lair of Beasts
 10439 | Lair:1   | Noticed a boulder beetle
 10460 | Lair:1   | Killed a boulder beetle
 10583 | D:11     | Noticed Fannar
 10593 | D:11     | Killed Fannar
 10646 | D:11     | Noticed a boulder beetle
 10676 | D:11     | Killed a boulder beetle
 10676 | D:11     | Received a gift from Trog
 10677 | D:11     | Reached skill level 10 in Armour
 10720 | D:11     | Noticed a six-headed hydra
 10728 | D:11     | Killed a six-headed hydra
 10735 | D:11     | Reached skill level 16 in Axes
 10791 | D:11     | Reached XP level 12. HP: 98/118 MP: 3/11
 10868 | D:11     | Found a staircase to the Orcish Mines.
 10948 | D:11     | Noticed a centaur warrior
 10955 | D:11     | Killed a centaur warrior
 11601 | D:12     | Found Ituh's Armour Shop.
 11742 | D:12     | HP: 3/118 [burnt (5)]
 11743 | D:12     | Incinerated by a deep elf pyromancer

Illustrated notes

Levels and vault maps discovered:
D:1:      dpeg_arrival_court, layout_loops_ring,
          dreamdust_ecumenical_altar_angels_and_demons
D:2:      layout_loops_ring, basic_altar, serial_rivers,
          chequers_serial_rivers_micro_c, chequers_serial_rivers_micro_d,
          chequers_serial_rivers_room_b, chequers_serial_rivers_large_a,
          chequers_serial_rivers_marsh, grunt_decor_mini_mirrors, uniq_terence
D:3:      layout_loops_ring, mainiacjoe_overflow_alcove_2,
          kennysheep_big_empty_room, uniq_ijyb
D:4:      layout_basic, mainiacjoe_overflow_tiny_flanked,
          nicolae_overflow_two_pavilions, lemuel_crystal_altar, st_stairs_2,
          hangedman_decor_growths, grunt_ministairs_1, reono_crystal_passage,
          minivault_26
D:5:      layout_rooms, mainiacjoe_overflow_catwalk, marbit_many_paths,
          hangedman_abyss_or_decor_stagger, hangedman_decor_slide_cut,
          kennysheep_generic_room_11
D:6:      layout_gridville, minmay_temple_entry_from_below_a
D:7:      layout_gridville, mainiacjoe_overflow_six_doors_small,
          kennysheep_mini_moat, nemelex_xobeh_ov_fountains_minmay,
          lightli_bailey_entry_fortress
D:8:      layout_cave_pools, lemuel_tele_altar, mainiacjoe_overflow_brackets
D:9:      layout_irregular_city, kennysheep_vampire_church,
          minmay_alternating_orb
D:10:     gammafunk_the_bubble [the_bubble_gammafunk_plus_minus], layout_basic,
          cheibriados_altar_2, erik_lair_dragon, serial_bayou,
          serial_bayou_pond_c, serial_bayou_crossing, serial_bayou_lagoon_a,
          serial_bayou_pond_b, serial_bayou_pond_e, serial_bayou_ford_a,
          feat_on_display
D:11:     layout_long_grid, hiddenorc2_lemuel, minivault_20, uniq_fannar
D:12:     layout_rooms, serial_shops, nicolae_shop_hallway_plus,
          kennysheep_generic_room_6
Temple:   hellmonk_temple_two_chambers
Lair:1:   statuecave_lemuel, layout_long_grid, gauntlet_entry_generic,
          enter_volcano_1

Skill      XL: |  1  2  3  4  5  6  7  8  9 10 11 12 |
---------------+-------------------------------------+-----
Axes           | 4 5 7 8 10 11 13 14 15 16 | 16.3
Fighting       | 5 9 11 14 | 14.9
Armour         | 3 6 8 10 11 | 11.1
Dodging        | 3 |  3.5

Action                   |  1- 3 |  4- 6 |  7- 9 | 10-12 || total
-------------------------+-------+-------+-------+-------++-------
Melee: Hand axe          |    55 |   135 |    73 |       ||   263
       Headbutt          |     6 |    23 |    39 |    73 ||   141
       Punch             |     1 |       |     5 |     3 ||     9
       War axe           |       |       |   179 |   313 ||   492
       Battleaxe         |       |       |       |   113 ||   113
       Flail             |       |       |       |     5 ||     5
Throw: Dart              |       |       |       |     4 ||     4
Invok: Berserk           |     1 |     2 |     3 |     7 ||    13
       Trog's Hand       |       |       |     1 |     2 ||     3
  Use: Scroll            |     3 |    11 |     1 |    14 ||    29
       Potion            |       |     3 |     1 |     6 ||    10
Armor: Scale mail        |    18 |    45 |       |       ||    63
       Animal skin       |     1 |       |       |       ||     1
       Chain mail        |       |    13 |   139 |       ||   152
       Plate armour      |       |       |    28 |   307 ||   335
Dodge: Dodged            |    31 |    52 |   112 |   223 ||   418
